 Dungeon Crawl Stone Soup version 0.23-a0-303-gfcac5de (webtiles) character file.

95 Illumine the Ruffian (level 4, -1/39 HPs)
             Began as a Minotaur Monk on Oct 7, 2018.
             Was a Believer of Wu Jian.
             Slain by Grinder (10 damage)
             ... on level 3 of the Dungeon.
             The game lasted 00:04:37 (2088 turns).

Illumine the Ruffian (Minotaur Monk)                Turns: 2088, Time: 00:04:38

Health: -1/39      AC:  2    Str: 16    XL:     4   Next: 40%
Magic:  3/3        EV: 14    Int:  7    God:    Wu Jian [**....]
Gold:   141        SH:  0    Dex: 13    Spells: 3/3 levels left

rFire    . . .     SeeInvis .     - Unarmed
rCold    . . .     Gourm    .   (no shield)
rNeg     . . .     Faith    .   a - +0 robe
rPois    .         Spirit   .   (helmet restricted)
rElec    .         Reflect  .   (no cloak)
rCorr    .         Harm     .   (no gloves)
MR       .....                  (no boots)
Stlth    ++........             (no amulet)
HPRegen  0.13/turn              (no ring)
MPRegen  0.08/turn              (no ring)

@: no status effects
A: retaliatory headbutt, horns 2
a: Wall Jump, Renounce Religion


You were on level 3 of the Dungeon.
You worshipped Wu Jian.
Wu Jian was pleased with you.
You were not hungry.

You visited 1 branch of the dungeon, and saw 4 of its levels.

You collected 141 gold pieces.

Inventory:

Hand Weapons
 e - a +0 hunting sling
Missiles
 d - 63 stones (quivered)
 g - 57 arrows
 m - 22 poisoned needles
Armour
 a - a +0 robe (worn)
Scrolls
 c - a scroll of identify {unknown}
 f - a scroll of fear {unknown}
 h - a scroll of teleportation {unknown}
Potions
 i - a potion of berserk rage {unknown}
 j - 2 potions of curing {unknown}
 l - a potion of magic {unknown}
Comestibles
 b - 6 rations
 k - 4 chunks of flesh


   Skills:
 - Level 3.6 Fighting
 + Level 4.2 Dodging
 - Level 1.5 Stealth
 * Level 5.1 Unarmed Combat


You had 3 spell levels left.
You didn't know any spells.
Your spell library was empty.

Dungeon Overview and Level Annotations

Branches:
Dungeon (4/15)
 Temple: D:4-7

Altars:
Wu Jian

Annotations:
D:3 Grinder


Innate Abilities, Weirdness & Mutations

You reflexively headbutt those who attack you in melee.
You have a pair of horns on your head.


Message History

You hit Grinder.
Grinder is heavily wounded.
Grinder misses you.
You barely miss Grinder.
Grinder is heavily wounded.
Grinder hits you!
You writhe in agony.
You barely miss Grinder.
Grinder is heavily wounded.
Grinder blinks!
Grinder gestures at you. You resist with significant effort.
You hit Grinder. Your headbutt misses Grinder.
Grinder is heavily wounded.
Grinder gestures at you. Pain shoots through your body!
* * * LOW HITPOINT WARNING * * *
You hit Grinder.
Grinder is heavily wounded.
Grinder hits you!
You die...

#....≈≈≈.#
#.P..≈≈≈.#
#....≈≈≈.#
#....≈≈≈.#
#....≈≈≈.#
#....≈≈###
#...P≈≈#
#..5.≈≈#
#..@.≈≈#####
#....≈≈≈≈≈≈≈≈
#P...≈≈≈≈≈≈≈≈
#............
##########...
.. .


You could see Grinder.

Vanquished Creatures
  3 adders (D:2)
  A worm (D:2)
  A dart slug (D:1)
  A ball python (D:2)
  4 bats (D:1)
  9 giant cockroaches
  3 goblins
  7 hobgoblins
  10 jackals (D:3)
  6 kobolds
  4 frilled lizards
  8 rats
57 creatures vanquished.

Notes
Turn   | Place    | Note
-------+----------+-------------------------------------------
     0 | D:1      | Illumine the Minotaur Monk began the quest for the Orb.
     0 | D:1      | Reached XP level 1. HP: 19/19 MP: 0/0
   247 | D:1      | Reached XP level 2. HP: 25/26 MP: 1/1
   327 | D:1      | Reached skill level 4 in Unarmed Combat
   689 | D:1      | Reached XP level 3. HP: 31/31 MP: 2/2
  1258 | D:2      | Reached XP level 4. HP: 30/39 MP: 3/3
  1710 | D:2      | You fall through a shaft for 2 floors!
  1827 | D:4      | Found an ornate altar of the Wu Jian Council.
  1830 | D:4      | Became a worshipper of the Wu Jian Council
  1830 | D:4      | Reached * piety under Wu Jian
  1830 | D:4      | Reached ** piety under Wu Jian
  1892 | D:3      | Reached skill level 5 in Unarmed Combat
  2070 | D:3      | Noticed Grinder
  2088 | D:3      | Slain by Grinder

Vault maps used:
D:1:      eino_arrival_cavern_a
D:3:      lemuel_castle_with_subvaults, old_standard_altar,
          chequers_ecumenical_altar_simple_redux, uniq_grinder
D:4:      nicolae_dithmenos_the_darkroom, kennysheep_mini_moat, first_ration,
          serial_shops, nicolae_shop_trees

Skill      XL: |  1  2  3  4 |
---------------+-------------+-----
Unarmed Combat | 4 5 |  5.1
Dodging        | 4 |  4.2
Fighting       | |  3.6
Stealth        | |  1.5

Action                   |  1- 3 |  4- 6 || total
-------------------------+-------+-------++-------
Melee: Unarmed           |    84 |    41 ||   125
       Headbutt          |    10 |     4 ||    14
       Punch             |     1 |     2 ||     3
Invok: Whirlwind         |       |     3 ||     3
       Wall Jump         |       |     3 ||     3
       Lunge             |       |     2 ||     2
  Use: Scroll            |       |     2 ||     2
 Stab: Sleeping          |     2 |     2 ||     4
  Eat: Chunk             |     1 |     3 ||     4
Armor: Robe              |    18 |     2 ||    20
Dodge: Dodged            |    50 |    20 ||    70

Table legend:
 A = Non-vault XP
 B = Vault XP
 C = Vault XP percentage of total XP
 D = Non-vault monster count
 E = Vault monster count
 F = Vault count percentage of total count
                 A         B        C        D         E       F
            +---------+---------+-------+---------+---------+-------
      Total |     117 |      20 |  14.6 |      47 |      10 |  17.5
            +---------+---------+-------+---------+---------+-------
        D:1 |      48 |       0 |   0.0 |      27 |       0 |   0.0
        D:2 |      61 |       0 |   0.0 |      14 |       0 |   0.0
        D:3 |       8 |      20 |  71.4 |       6 |      10 |  62.5
            +---------+---------+-------+---------+---------+-------
